 Dungeon Crawl Stone Soup version 0.25-a0-577-ga4619f4 (webtiles) character file.

Game seed: 13346926831442097535, levelgen mode: deterministic

11 15 the Conjurer (level 2, 0/15 HPs)
             Began as a Tengu Conjurer on Mar 2, 2020.
             Slain by a jackal (1 damage)
             ... on level 1 of the Dungeon.
             The game lasted 00:01:45 (417 turns).

15 the Conjurer (Tengu Conjurer)                     Turns: 417, Time: 00:01:46

Health: 0/15       AC:  2    Str:  8    XL:     2   Next: 29%
Magic:  0/6        EV: 12    Int: 15    God:
Gold:   22         SH:  0    Dex: 14    Spells: 4/5 levels left

rFire    . . .     SeeInvis .   g - +0 club
rCold    . . .     Gourm    .   (no shield)
rNeg     . . .     Faith    .   a - +0 robe
rPois    .         Spirit   .   (helmet restricted)
rElec    .         Reflect  .   (no cloak)
rCorr    .         Harm     .   (no gloves)
MR       .....                  (boots unavailable)
Stlth    ++........             (no amulet)
HPRegen  0.05/turn              (no ring)
MPRegen  0.10/turn              (no ring)

@: no status effects
A: beak, talons 3
a: no special abilities


You were on level 1 of the Dungeon.
You were not hungry.

You visited 1 branch of the dungeon, and saw 1 of its levels.

You collected 22 gold pieces.

Inventory:

Hand Weapons
 g - a +0 club (weapon)
Armour
 a - a +0 robe (worn)
Jewellery
 d - an uncursed ring of fire
Scrolls
 b - a scroll of identify
 e - 3 scrolls of remove curse {unknown}
 i - a scroll of teleportation {unknown}
Potions
 h - 2 potions of magic {unknown}
Comestibles
 c - a ration


   Skills:
 * Level 0.2 Fighting
 * Level 0.1 Armour
 * Level 2.2 Dodging
 + Level 2.2 Stealth
 * Level 2.1 Spellcasting
 + Level 5.6 Conjurations


You had 4 spell levels left.
You knew the following spells:

 Your Spells              Type           Power        Failure   Level  Hunger
a - Magic Dart            Conj           ###.         2%          1    #......

Your spell library contained the following spells:

 Spells                   Type           Power        Failure   Level  Hunger
 Searing Ray              Conj           ###...       3%          2    ###....
 Dazzling Flash           Conj/Hex       ##....       21%         3    ###....
 Fulminant Prism          Conj/Hex       ##........   56%         4    #####..
 Iskenderun's Mystic Bla  Conj/Tloc      ##......     56%         4    #####..


Dungeon Overview and Level Annotations

Branches:
Dungeon (1/15)

Altars:


Innate Abilities, Weirdness & Mutations

You have a beak for a mouth.
You have claws for feet.


Message History

The jackal completely misses you.
You closely miss the jackal.
The jackal is almost dead.
The jackal closely misses you. The jackal misses you.
Casting: Magic Dart (safe; 2% risk of failure)
Confirm with . or Enter, or press ? or * to list all spells.
Aiming: Magic Dart (safe; 2% risk of failure)
Press: ? - help, Shift-Dir - straight line, f - jackal
Aim: a jackal (almost dead)
The magic dart hits the jackal but does no damage.
The jackal is almost dead.
The jackal bites you.
* * * LOW HITPOINT WARNING * * *
You hit the jackal but do no damage. Your kick misses the jackal.
Your peck misses the jackal.
The jackal is almost dead.
The jackal bites you.
* * * LOW HITPOINT WARNING * * *
The jackal bites you.
You die...

... .... ### ..# ##++##
..#...###....## ##.#†..
#......# ......##......#
.#########.##..#........
.......@h...#..#........
#########..##..#...##...
######...#..#..####..
#........#..'..'<>+..
#........#..#..####..
#........#..#)..##...
######'#.#..#........
#.#.#..#........
#.#.#..##......#


You could see a jackal.

Vanquished Creatures
  A dart slug (D:1)
  A goblin (D:1)
  2 hobgoblins (D:1)
  2 jackals (D:1)
  A frilled lizard (D:1)
  2 rats (D:1)
9 creatures vanquished.

Notes
Turn   | Place    | Note
-------+----------+-------------------------------------------
     0 | D:1      | 15 the Tengu Conjurer began the quest for the Orb.
     0 | D:1      | Reached XP level 1. HP: 10/10 MP: 4/4
   157 | D:1      | Reached XP level 2. HP: 11/15 MP: 0/6
   417 | D:1      | Slain by a jackal

Levels and vault maps discovered:
D:1:      dpeg_arrival_refuge, layout_basic, minmay_cut_off

Action                   || total
-------------------------++-------
Melee: Unarmed           ||     6
       Kick              ||     4
       Club              ||    13
       Peck              ||     1
 Cast: Magic Dart        ||    21
  Use: Scroll            ||     1
Armor: Robe              ||     1
Dodge: Dodged            ||    14

Table legend:
 A = Non-vault XP
 B = Vault XP
 C = Vault XP percentage of total XP
 D = Non-vault monster count
 E = Vault monster count
 F = Vault count percentage of total count
                 A         B        C        D         E       F
            +---------+---------+-------+---------+---------+-------
      Total |       9 |       8 |  47.1 |       5 |       4 |  44.4
            +---------+---------+-------+---------+---------+-------
        D:1 |       9 |       8 |  47.1 |       5 |       4 |  44.4
            +---------+---------+-------+---------+---------+-------
